 Dungeon Crawl Stone Soup version 0.23-a0-416-g33f1def (webtiles) character file.

2683 Bjeuch the Cleaver (level 9, -1/66 HPs)
             Began as a Demonspawn Abyssal Knight on Nov 10, 2018.
             Was an Elder of Lugonu.
             Slain by an orc warrior
             ... wielding a +0 long sword
              (14 damage)
             ... on level 7 of the Dungeon.
             The game lasted 00:22:55 (10387 turns).

Bjeuch the Cleaver (Demonspawn Abyssal Knight)     Turns: 10387, Time: 00:22:56

Health: -1/66      AC: 14    Str: 21    XL:     9   Next: 37%
Magic:  13/13      EV: 13    Int: 15    God:    Lugonu [****..]
Gold:   306        SH:  0    Dex: 12    Spells: 8/8 levels left

rFire    . . .     SeeInvis .   a - +2 hand axe
rCold    . . .     Gourm    .   (no shield)
rNeg     . . .     Faith    .   F - +0 chain mail
rPois    .         Spirit   .   (no helmet)
rElec    .         Reflect  .   (no cloak)
rCorr    .         Harm     .   g - +0 pair of gloves {Str+3}
MR       .....                  (no boots)
Stlth    ..........             (no amulet)
HPRegen  0.21/turn              s - +3 ring of strength
MPRegen  0.13/turn              G - +5 ring of evasion

@: no status effects
A: iridescent scales 2, powered by death 2, powered by pain 2
a: Depart the Abyss, Bend Space, Banish, Corrupt, Renounce Religion


You were on level 7 of the Dungeon.
You worshipped Lugonu.
Lugonu was greatly pleased with you.
You were not hungry.

You visited 1 branch of the dungeon, and saw 7 of its levels.
You visited the Abyss 1 time.
You also visited: Ossuary.

You collected 306 gold pieces.

Inventory:

Hand Weapons
 a - a +2 hand axe (weapon)
 E - a +2 trident of protection
Missiles
 i - 101 stones
 o - 17 poisoned needles
 B - 4 tomahawks (quivered)
Armour
 b - a +0 leather armour
 g - a +0 pair of gloves of strength (worn)
 r - a +0 scale mail
 x - a +0 leather armour of cold resistance
 F - a +0 chain mail (worn)
Jewellery
 s - a +3 ring of strength (left hand)
 v - a +4 ring of intelligence
 G - a +5 ring of evasion (right hand)
Wands
 k - a wand of random effects (13)
 m - a wand of scattershot (3)
 y - a wand of flame (10)
 C - a wand of iceblast (14)
 D - a wand of polymorph (7)
Scrolls
 d - a scroll of fog
 e - 2 scrolls of immolation
 h - 2 scrolls of blinking
 n - a scroll of noise {unknown}
 t - 2 scrolls of teleportation
 A - a scroll of fear
 H - a scroll of enchant armour {unknown}
Potions
 f - 2 potions of heal wounds
 l - a potion of agility
 p - 3 potions of resistance
 q - 2 potions of berserk rage
 u - 3 potions of curing
 w - a potion of ambrosia {unknown}
 z - a potion of haste
 I - a potion of might {unknown}
Comestibles
 c - 5 rations


   Skills:
 + Level 4.7 Fighting
 + Level 10.4 Axes
 * Level 3.1 Armour
 - Level 0.8 Dodging
 * Level 5.9 Invocations


You had 8 spell levels left.
You didn't know any spells.
Your spell library contained the following spells:

 Spells                   Type           Power        Failure   Level  Hunger
 Freeze                   Ice            #...         95%         1    ##.....
 Shock                    Conj/Air       #...         95%         1    ##.....
 Ensorcelled Hibernation  Hex/Ice        #.....       98%         2    ###....
 Swiftness                Chrm/Air       #.......     98%         2    ###....
 Throw Frost              Conj/Ice       #.....       98%         2    ###....
 Ozocubu's Armour         Chrm/Ice       #.......     100%        3    ####...
 Summon Ice Beast         Ice/Summ       #.......     100%        4    #####..
 Throw Icicle             Conj/Ice       #.......     100%        4    #####..
 Borgnjor's Vile Clutch   Necr/Erth      #.........   100%        5    ######.
 Silence                  Hex/Air        #.........   100%        5    ######.
 Conjure Ball Lightning   Conj/Air       #.........   100%        6    #######
 Darkness                 Hex            #.........   100%        6    #######
 Freezing Cloud           Conj/Ice/Air   #.........   100%        6    #######
 Shadow Creatures         Summ           N/A          100%        6    #######


Dungeon Overview and Level Annotations

Branches:
Dungeon (7/15)             Temple (0/1) D:5

Altars:
Ashenzari
Elyvilon
Fedhas
Nemelex Xobeh
Qazlal
Uskayaw
Vehumet
Xom
Yredelemnul
Zin

Annotations:
D:4 exclusion: 2 downstairs


Innate Abilities, Weirdness & Mutations

You are mostly covered in iridescent scales. (AC +4)
You regenerate health from kills.
You sometimes gain power by taking damage.


Message History

The orc warrior hits you with a +0 long sword.
* * * LOW HITPOINT WARNING * * *
You hit the orc warrior but do no damage.
The orc warrior is heavily wounded.
You closely miss the orc warrior.
The orc warrior is heavily wounded.
The orc warrior closely misses you.
You closely miss the orc warrior.
The orc warrior is heavily wounded.
The orc warrior misses you.
Evoke which item? (* to show all) (? for menu, Esc to quit)
Aiming: Iceblast
Press: ? - help, Shift-Dir - straight line, f - orc warrior
Aim: an orc warrior, wielding a +0 long sword and wearing a +0 plate armour The mass of ice explodes!
The iceblast engulfs the orc warrior.
The orc warrior is severely wounded.
Lugonu accepts your kill.
You feel a bit more experienced.
The orc warrior hits you with a +0 long sword!
You die...

#.........# #.#
#.........# #.#
'.........# #.# #
#.........# #.#.#
#.........########.#.
.....#.............o
####.......#######)#
#####.##+#.#######.#
................@o>#
#...#.##.#.#.#####.#
#...#..#.#.#.# #.#
######.#.#.#.# #.#
.........#.#.#########
...........#.#.......#
#######.####.#.#####.#
...................#
########.###.#.#.#.#


You could see an orc warrior.

Vanquished Creatures
  A hippogriff (D:7)
  Eustachio (D:6)
  5 ogres
  4 phantoms
  A big kobold (D:7)
  5 elf zombies (Ossuary)
  A centaur (D:6)
  A bullfrog (D:3)
  3 howler monkeys (D:7)
  3 crimson imps
  4 centaur zombies
  4 human zombies (Ossuary)
  An orc priest (D:6)
  An orc wizard (D:7)
  A bullfrog skeleton (D:6)
  A centaur skeleton (D:5)
  3 jellies
  5 worker ants
  An iguana (D:4)
  A hound skeleton (D:6)
  3 mummies (Ossuary)
  2 worker ant zombies
  A howler monkey skeleton (D:4)
  An adder (D:6)
  A shadow imp (D:5)
  2 adder skeletons
  An adder zombie (D:5)
  2 worms (D:2)
  4 dart slugs
  6 leopard geckos
  20 orcs
  5 ball pythons
  5 giant cockroaches
  7 goblins
  3 hobgoblins
  14 jackals
  14 kobolds
  8 quokkas
  5 bats (D:1)
  3 frilled lizards
  2 leopard gecko zombies (D:5)
  10 rats
166 creatures vanquished.

Notes
Turn   | Place    | Note
-------+----------+-------------------------------------------
     0 | Abyss:1  | Bjeuch the Demonspawn Abyssal Knight began the quest for
                  | the Orb.
     0 | Abyss:1  | Reached XP level 1. HP: 18/18 MP: 2/2
    91 | Abyss:2  | Noticed a raiju
   100 | Abyss:3  | Found a corrupted altar of Lugonu.
   124 | Abyss:3  | Noticed a smoke demon
   132 | Abyss:3  | Noticed a large abomination
   141 | D:1      | Escaped the Abyss
   283 | D:1      | Reached skill level 2 in Axes
   479 | D:1      | Reached * piety under Lugonu
   536 | D:1      | Gained mutation: You sometimes gain a little power by
                  | taking damage. [demonic ancestry]
   536 | D:1      | Reached XP level 2. HP: 24/24 MP: 3/3
  1137 | D:1      | Reached skill level 3 in Axes
  1697 | D:1      | Gained mutation: You regenerate a little health from kills.
                  | [demonic ancestry]
  1697 | D:1      | Reached XP level 3. HP: 29/29 MP: 4/4
  1883 | D:2      | Found a shattered altar of Ashenzari.
  2182 | D:2      | Reached ** piety under Lugonu
  2567 | D:2      | Reached skill level 4 in Axes
  2567 | D:2      | Gained mutation: You sometimes gain power by taking damage.
                  | [demonic ancestry]
  2567 | D:2      | Reached XP level 4. HP: 29/35 MP: 5/5
  2596 | D:2      | Noticed an earth elemental
  2598 | D:2      | Found a stormy altar of Qazlal.
  2599 | D:2      | Noticed an air elemental
  2599 | D:2      | Noticed a fire elemental
  2599 | D:2      | Noticed a water elemental
  2916 | D:3      | Noticed a bullfrog
  2930 | D:3      | Killed a bullfrog
  2930 | D:3      | Gained mutation: You are partially covered in iridescent
                  | scales. (AC +2) [demonic ancestry]
  2930 | D:3      | Reached XP level 5. HP: 21/41 MP: 6/6
  3050 | D:3      | Found a hide-covered altar of Uskayaw.
  3105 | D:3      | Found a basalt altar of Yredelemnul.
  3126 | D:3      | Found a shimmering altar of Xom.
  3159 | D:3      | Reached skill level 5 in Axes
  3884 | D:4      | Found a sparkling altar of Nemelex Xobeh.
  3921 | D:4      | Noticed a phantom
  3977 | D:4      | Killed a phantom
  3977 | D:4      | Reached skill level 6 in Axes
  3977 | D:4      | Reached XP level 6. HP: 35/47 MP: 7/7
  5118 | D:5      | Entered Level 5 of the Dungeon
  5145 | D:5      | Reached skill level 7 in Axes
  5145 | D:5      | Gained mutation: You regenerate health from kills. [demonic
                  | ancestry]
  5145 | D:5      | Reached XP level 7. HP: 26/52 MP: 8/8
  5544 | D:5      | Reached *** piety under Lugonu
  5723 | D:5      | Found a staircase to the Ecumenical Temple.
  5829 | D:5      | Identified the Almanac of the Dusty Birds
  6037 | D:5      | Noticed a two-headed ogre
  6123 | D:5      | Found a blossoming altar of Fedhas.
  6123 | D:5      | Found a radiant altar of Vehumet.
  7221 | D:6      | Reached skill level 8 in Axes
  7335 | D:6      | Noticed Eustachio
  7402 | D:6      | Killed Eustachio
  7434 | D:6      | Gained mutation: You are mostly covered in iridescent
                  | scales. (AC +4) [demonic ancestry]
  7434 | D:6      | Reached XP level 8. HP: 31/58 MP: 10/10
  7554 | D:6      | Found a stormy altar of Qazlal.
  7767 | D:6      | Found a sand-covered staircase.
  7774 | Ossuary  | Entered an ossuary
  7805 | Ossuary  | Reached skill level 9 in Axes
  8105 | Ossuary  | Reached skill level 5 in Invocations
  8319 | D:6      | Found a white marble altar of Elyvilon.
  8486 | D:5      | Reached skill level 10 in Axes
  8718 | D:6      | Reached XP level 9. HP: 42/65 MP: 13/13
  8834 | D:6      | Reached **** piety under Lugonu
  8858 | D:6      | Found a glowing silver altar of Zin.
 10387 | D:7      | Slain by an orc warrior

Vault maps used:
D:1:      dpeg_arrival_pits, grunt_decor_cap
D:2:      evilmike_ruin_ashenzari, nicolae_qazlal_style_of_elements, st_stairs_3
D:3:      eat_drink_and_be_merry_uskayaw, grunt_temple_overflow_open
D:4:      nemelex_diamond_rough_becter
D:5:      nicolae_overflow_hidden_temple, minmay_temple_entry_grid,
          first_ration, kennysheep_boxes
D:6:      old_standard_altar, enter_ossuary_1, serial_rivers,
          chequers_serial_rivers_large_a, chequers_serial_rivers_micro_c,
          chequers_serial_rivers_micro_d, chequers_serial_rivers_micro_d,
          chequers_serial_rivers_micro_d, chequers_serial_rivers_small_a,
          hangedman_feature_mirror, uniq_eustachio
Abyss:2:  bh_abyss_xom_lugonu_altar
Abyss:3:  evilmike_abyss_exit_chaos
Ossuary:  ossuary_minmay_four_chambers

Skill      XL: |  1  2  3  4  5  6  7  8  9 |
---------------+----------------------------+-----
Axes           | 2 3 4 6 7 8 10 | 10.4
Invocations    | 3 5 |  5.9
Armour         | 2 3 |  3.1
Fighting       | 4 |  4.7
Dodging        | |  0.8

Action                   |  1- 3 |  4- 6 |  7- 9 || total
-------------------------+-------+-------+-------++-------
Melee: Hand axe          |   172 |   184 |   636 ||   992
Throw: Tomahawk          |       |       |     2 ||     2
Invok: Depart the Abyss  |     1 |       |       ||     1
Evoke: Wand              |       |       |     1 ||     1
  Use: Scroll            |       |       |    15 ||    15
       Potion            |       |       |     8 ||     8
 Stab: Invisible         |       |       |     7 ||     7
  Eat: Chunk             |     5 |     9 |    10 ||    24
       Ration            |       |       |     2 ||     2
Armor: Leather armour    |    47 |       |       ||    47
       Scale mail        |    47 |    72 |       ||   119
       Chain mail        |       |     2 |   225 ||   227
Dodge: Dodged            |   118 |    81 |   277 ||   476

Table legend:
 A = Non-vault XP
 B = Vault XP
 C = Vault XP percentage of total XP
 D = Non-vault monster count
 E = Vault monster count
 F = Vault count percentage of total count
                 A         B        C        D         E       F
            +---------+---------+-------+---------+---------+-------
      Total |    2793 |    1041 |  27.2 |     148 |      18 |  10.8
            +---------+---------+-------+---------+---------+-------
        D:1 |      47 |       0 |   0.0 |      28 |       0 |   0.0
        D:2 |      54 |       3 |   5.3 |      24 |       2 |   7.7
        D:3 |     188 |       0 |   0.0 |      16 |       0 |   0.0
        D:4 |     357 |       0 |   0.0 |      21 |       0 |   0.0
        D:5 |     594 |       0 |   0.0 |      20 |       0 |   0.0
        D:6 |     681 |     197 |  22.4 |      20 |       1 |   4.8
        D:7 |     872 |       0 |   0.0 |      19 |       0 |   0.0
    Ossuary |       0 |     841 | 100.0 |       0 |      15 | 100.0
            +---------+---------+-------+---------+---------+-------
